 Dungeon Crawl Stone Soup version 0.21-a0-584-g185da8e (webtiles) character file.

760 Moebius the Caller (level 7, 0/25 HPs)
             Began as a Felid Summoner on Dec 19, 2017.
             Was an Initiate of Nemelex Xobeh.
             Succumbed to poison (a needle trap)
             ... in an ossuary on Dec 21, 2017.
             The game lasted 00:45:10 (8365 turns).

Moebius the Caller (Felid Summoner)                 Turns: 8365, Time: 00:45:11

Health: 0/25       AC:  3    Str:  4    XL:     7   Next: 50%
Magic:  15/18      EV: 18    Int: 19    God:    Nemelex Xobeh [......]
Gold:   371        SH:  0    Dex: 16    Spells: 3/19 levels left
                                        Lives:  0   Deaths: 2

rFire    . . .     SeeInvis +     - Unarmed
rCold    . . .     Gourm    .   (shield unavailable)
rNeg     . . .     Faith    .   (armour unavailable)
rPois    .         Spirit   .   (helmet unavailable)
rElec    .         Reflect  .   (cloak unavailable)
rCorr    .         Harm     .   (gloves unavailable)
MR       ++...                  (boots unavailable)
Stlth    +++.......             (no amulet)
HPRegen  0.08/turn              (no ring)
MPRegen  0.16/turn              (no ring)

@: lethally poisoned (0 -> -40), quick
A: very small, no armour, no weapons or thrown items, stealth, claws 1, fangs 3,
rugged brown scales 1, see invisible, carnivore, speed 1, frail 1, magic
resistance 1, screaming 1, shaggy fur 2, slow metabolism 1, sharp paws
a: Renounce Religion


You were in an ossuary.
You worshipped Nemelex Xobeh.
Nemelex Xobeh was noncommittal.
You were full.

You visited 2 branches of the dungeon, and saw 9 of its levels.
You also visited: Ossuary.

You collected 371 gold pieces.

Inventory:

Wands
 h - a wand of enslavement (18)
 k - a wand of paralysis (10)
 l - a wand of random effects (26)
Scrolls
 c - 3 scrolls of amnesia
 d - 7 scrolls of identify
 e - 8 scrolls of remove curse
 j - 2 scrolls of teleportation
 n - a scroll of fear {unknown}
Potions
 f - 2 potions of brilliance
 g - a potion of flight
 i - a potion of invisibility
Books
 a - a book of Callings

   Spells                             Type                      Level
   a - Summon Small Mammal            Summoning                    1
   b - Call Imp                       Summoning                    2
   c - Call Canine Familiar           Summoning                    3
   d - Summon Guardian Golem          Hexes/Summoning              3
   e - Summon Lightning Spire         Summoning/Air                4
   f - Summon Ice Beast               Ice/Summoning                4
 s - a book of Frost

   Spells                             Type                      Level
   a - Freeze                         Ice                          1
   b - Throw Frost                    Conjuration/Ice              2
   c - Ozocubu's Armour               Charms/Ice                   3
   d - Throw Icicle                   Conjuration/Ice              4
   e - Summon Ice Beast               Ice/Summoning                4
Comestibles
 b - 10 rations


   Skills:
 + Level 0.3 Fighting
 - Level 2.6 Dodging
 - Level 2.6 Stealth
 + Level 2.0 Unarmed Combat
 + Level 6.8 Spellcasting
 + Level 7.0 Summonings
 + Level 3.0 Ice Magic
 + Level 3.1 Evocations


You had 3 spell levels left.
You knew the following spells:

 Your Spells              Type           Power        Failure   Level  Hunger
a - Summon Small Mammal   Summ           ####         1%          1    None
b - Call Imp              Summ           ####....     1%          2    None
c - Call Canine Familiar  Summ           ####....     1%          3    ##.....
d - Summon Ice Beast      Ice/Summ       ####....     13%         4    ####...
e - Throw Frost           Conj/Ice       ##....       9%          2    None
f - Summon Lightning Spi  Summ/Air       ###.....     24%         4    ####...


Dungeon Overview and Level Annotations

Branches:
Dungeon (8/15)             Temple (1/1) D:5
   Lair: D:8-11

Altars:
Ashenzari
Cheibriados
Dithmenos
Elyvilon
Fedhas
Gozag
Makhleb
Nemelex Xobeh
Okawaru
Ru
Trog
Uskayaw
Wu Jian
Xom
Yredelemnul
Zin
The Shining One
Lugonu

Annotations:
D:4 Zleub's ghost, amateur GnWz


Innate Abilities, Weirdness & Mutations

You cannot wear armour.
You are incapable of wielding weapons or throwing items.
Your paws allow you to move quietly. (Stealth)
You have sharp claws.
You have razor-sharp teeth.
You have supernaturally acute eyesight. (SInv)
You are carnivorous and can eat meat at any time.
You cover ground quickly.
You are covered in thick fur. (AC +2)
You have a slow metabolism.
Your sharp claws are effective at attacking unaware monsters.
You are partially covered in rugged brown scales. (AC +1, +3% HP)
You are frail. (-10% HP)
You are resistant to hostile enchantments. (MR+)
You occasionally shout uncontrollably at your foes.


Message History

There is a needle trap here.
A poisoned needle shoots out and hits you!
You are more poisoned.
* * * LOW HITPOINT WARNING * * *
You feel very sick.
A poisoned needle hits your ice beast, but does no damage!
An arrow hits your ice beast!
There is a needle trap here.
Okay, then.
Really walk into that needle trap?
Okay, then.
There is a lethal amount of poison in your body!
There is a lethal amount of poison in your body!
* * * LOW HITPOINT WARNING * * *
You feel very sick.
A poisoned needle hits your ice beast, but does no damage!
Okay, then.
Okay, then.
You die...
Your body disappears without a glow.

..# #...#
..# #...#
..# #...#
..# #...#
#'# ##'##
.^# #...#
^.# #^^^#
..# #YY^#
.^# #@^^#
#'# #+###
^.# ^^#####
###
..#...#???!#
..'.∩.#?((!+
..#...#?!??#
####### ###


You could see 2 friendly ice beasts.

Vanquished Creatures
  2 killer bees (D:8)
  A centaur zombie (D:8)
  An orc wizard (D:6)
  2 iguanas
  2 big kobold zombies (Ossuary)
  2 adders
  3 adder zombies
  A worm (D:2)
  An orc (D:4)
  A ball python (D:3)
  3 giant cockroaches
  2 hobgoblins
  A jackal (D:5)
  2 quokkas
  3 bats
  4 frilled lizards
  2 kobold zombies (Ossuary)
  6 rats
39 creatures vanquished.

Vanquished Creatures (collateral kills)
  Grinder (D:4)
  A hippogriff (D:8)
  Eustachio (D:6)
  Purgy (D:3)
  An ice beast (D:5)
  2 ogres
  Blork the orc (D:4)
  4 bullfrogs
  A water moccasin zombie (D:6)
  A killer bee (D:8)
  4 wights (D:8)
  2 crimson imps (D:6)
  A quasit (D:7)
  A bullfrog zombie (D:6)
  2 hounds
  3 orc priests
  6 orc wizards
  Ijyb (D:4)
  3 iguanas
  5 worker ants
  A big kobold zombie (Ossuary)
  A hound skeleton (D:8)
  A hound zombie (D:5)
  A worker ant zombie (D:5)
  5 adders
  5 gnolls
  4 adder zombies
  4 worms
  A dart slug (D:2)
  A leopard gecko (D:2)
  20 orcs
  A ball python (D:3)
  4 bats
  2 giant cockroaches
  A gnoll zombie (Ossuary)
  2 goblins
  6 hobgoblins
  9 jackals
  9 kobolds
  A quokka (D:2)
  4 frilled lizards
  2 hobgoblin zombies (Ossuary)
  5 kobold zombies (Ossuary)
  5 orc zombies (Ossuary)
  3 rats (D:3)
140 creatures vanquished.

Vanquished Creatures (others)
  A quokka (D:6)
1 creature vanquished.

Grand Total: 180 creatures vanquished

Notes
Turn   | Place    | Note
-------+----------+-------------------------------------------
     0 | D:1      | Moebius the Felid Summoner began the quest for the Orb.
     0 | D:1      | Reached XP level 1. HP: 7/7 MP: 4/4
   481 | D:1      | Reached XP level 2. HP: 11/11 MP: 3/6
   485 | D:1      | Learned a level 2 spell: Call Imp
  1001 | D:1      | Reached XP level 3. HP: 6/14 MP: 4/7
  1006 | D:1      | Learned a level 3 spell: Call Canine Familiar
  1493 | D:2      | Reached skill level 1 in Evocations
  1580 | D:2      | Reached XP level 4. HP: 10/18 MP: 5/9
  1755 | D:2      | Found a burning altar of Makhleb.
  1755 | D:2      | Found a basalt altar of Yredelemnul.
  2427 | D:3      | Killed from afar by an orc priest
  2428 | D:3      | Reached XP level 3. HP: -3/14 MP: 1/8
  2468 | D:3      | Gained mutation: Your spells are a little harder to cast, but a little more powerful. [potion of mutation]
  2468 | D:3      | Gained mutation: You are partially covered in rugged brown scales. (AC +1, +3% HP) [potion of mutation]
  2539 | D:3      | Noticed Purgy
  2715 | D:4      | Noticed Grinder
  2768 | D:4      | Killed Grinder
  2768 | D:4      | Reached skill level 5 in Summonings
  2768 | D:4      | Reached XP level 4. HP: 18/18 MP: 3/10
  2768 | D:4      | Reached XP level 5. HP: 21/21 MP: 3/11
  3183 | D:3      | Killed Purgy
  3296 | D:3      | Reached skill level 1 in Unarmed Combat
  3336 | D:3      | Found an ornate altar of the Wu Jian Council.
  3450 | D:5      | Entered Level 5 of the Dungeon
  3450 | D:5      | Noticed an ogre
  3491 | D:4      | Found a sacrificial altar of Ru.
  3551 | D:5      | Found a staircase to the Ecumenical Temple.
  3577 | D:4      | Noticed Zleub's ghost (amateur GnWz)
  3598 | D:5      | Gained mutation: You are covered in thick fur. (AC +2) [Felid growth]
  3598 | D:5      | Reached XP level 6. HP: 18/24 MP: 3/13
  3660 | Temple   | Entered the Ecumenical Temple
  3805 | D:5      | Noticed an ice beast
  3905 | D:4      | Learned a level 4 spell: Summon Ice Beast
  4022 | D:4      | Noticed Blork the orc
  4118 | D:4      | Killed Blork the orc
  4323 | D:4      | Noticed Ijyb
  4335 | D:4      | Killed Ijyb
  4513 | D:4      | Found a glowing golden altar of the Shining One.
  4781 | D:5      | Killed an ice beast
  4832 | D:5      | Reached skill level 1 in Ice Magic
  5033 | D:5      | Lost mutation: Your spells are a little harder to cast, but a little more powerful. [potion of mutation]
  5033 | D:5      | Gained mutation: You are frail. (-10% HP) [potion of mutation]
  5033 | D:5      | Gained mutation: You occasionally shout uncontrollably at your foes. [potion of mutation]
  5033 | D:5      | Gained mutation: You are resistant to hostile enchantments. (MR+) [potion of mutation]
  5518 | D:5      | Reached skill level 5 in Spellcasting
  5518 | D:5      | Reached XP level 7. HP: 25/25 MP: 7/15
  5659 | D:6      | Found a snail-covered altar of Cheibriados.
  5693 | D:6      | Reached skill level 6 in Summonings
  5916 | D:6      | Learned a level 2 spell: Throw Frost
  6228 | D:6      | Found a hide-covered altar of Uskayaw.
  6345 | D:6      | Upgraded the game from 0.21-a0-582-g1b93aee to 0.21-a0-584-g185da8e
  6508 | D:6      | Noticed Eustachio
  6538 | D:6      | Killed Eustachio
  6761 | Temple   | Became a worshipper of Nemelex Xobeh the Trickster
  6822 | D:6      | Found a white marble altar of Elyvilon.
  6922 | D:6      | Learned a level 4 spell: Summon Lightning Spire
  6979 | D:6      | Received a gift from Nemelex Xobeh
  7272 | D:8      | Found an opulent altar of Gozag.
  7295 | D:8      | Noticed a hippogriff
  7297 | D:8      | Reached XP level 8. HP: 24/28 MP: 4/18
  7455 | D:8      | Killed a hippogriff
  7572 | D:8      | Reached skill level 7 in Summonings
  7620 | D:8      | Demolished by an ogre
  7621 | D:8      | Reached XP level 7. HP: -19/25 MP: 7/18
  7634 | D:8      | Found a sand-covered staircase.
  7639 | Ossuary  | Entered an ossuary
  8365 | Ossuary  | Succumbed to poison (a needle trap)

Vault maps used:
D:1:      nzn_arrival_settlement
D:2:      gammafunk_temple_overflow_wave
D:3:      lemuel_round_altar, uniq_purgy
D:4:      nicolae_ru_great_annihilating_truth, tso_metal_star, first_ration,
          uniq_grinder, uniq_blork_the_orc, uniq_ijyb
D:5:      minmay_temple_entry_large_hall
D:6:      kennysheep_mini_moat, cheibriados_altar_1, kennysheep_flooded_box,
          st_stairs_6, elyvilon_altar_4, uniq_eustachio
D:7:      lemuel_doored_altar, basic_altar
D:8:      old_standard_altar, enter_ossuary_2
Temple:   kb_corrupted_temple
Ossuary:  ossuary_tomb_2

Skill      XL: |  1  2  3  4  5  6  7  8 |
---------------+-------------------------+-----
Evocations     | 2 3 |  3.1
Spellcasting   | 3 4 5 6 |  6.8
Summonings     | 5 6 7 |  7.0
Unarmed Combat | 1 2 |  2.0
Ice Magic      | 1 3 |  3.0
Fighting       | |  0.3
Dodging        | |  2.6
Stealth        | |  2.6

Action                   |  1- 3 |  4- 6 |  7- 9 || total
-------------------------+-------+-------+-------++-------
Melee: Unarmed           |    62 |    43 |    89 ||   194
       Bite              |     9 |     3 |    10 ||    22
       Punch             |     1 |       |     1 ||     2
 Cast: Summon Small Mamm |    14 |     2 |       ||    16
       Call Imp          |    22 |    49 |     2 ||    73
       Call Canine Famil |    10 |    27 |    20 ||    57
       Summon Ice Beast  |       |     2 |    32 ||    34
       Throw Frost       |       |       |     8 ||     8
Evoke: Wand              |       |     1 |     2 ||     3
       Deck              |       |       |     4 ||     4
  Use: Scroll            |     6 |     2 |     6 ||    14
       Potion            |     5 |     7 |     1 ||    13
 Stab: Sleeping          |     6 |     4 |     1 ||    11
       Distracted        |     3 |     1 |     3 ||     7
  Eat: Chunk             |    13 |    14 |    10 ||    37
Armor: Skin              |     3 |     8 |    10 ||    21
Dodge: Dodged            |    67 |    75 |    83 ||   225

Table legend:
 A = Spawn XP
 B = Non-spawn XP
 C = Spawn XP percentage of total XP
 D = Spawn monster count
 E = Non-spawn monster count
 F = Spawn count percentage of total count
 G = Total turns spent on level
                    A         B        C        D         E        F      G
               +---------+---------+-------+---------+---------+-------+---------
         Total |       0 |    2119 |   0.0 |       0 |     177 |   0.0 |  8365
               +---------+---------+-------+---------+---------+-------+---------
           D:1 |       0 |      41 |   0.0 |       0 |      28 |   0.0 |  1116
           D:2 |       0 |      78 |   0.0 |       0 |      22 |   0.0 |  1068
           D:3 |       0 |     154 |   0.0 |       0 |      29 |   0.0 |   962
           D:4 |       0 |     274 |   0.0 |       0 |      12 |   0.0 |  1241
           D:5 |       0 |     272 |   0.0 |       0 |      22 |   0.0 |  1172
           D:6 |       0 |     622 |   0.0 |       0 |      26 |   0.0 |  1386
           D:7 |       0 |      45 |   0.0 |       0 |       2 |   0.0 |   182
           D:8 |       0 |     551 |   0.0 |       0 |      15 |   0.0 |   367
       Ossuary |       0 |      82 |   0.0 |       0 |      21 |   0.0 |   726
               +---------+---------+-------+---------+---------+-------+---------
